 Dungeon Crawl Stone Soup version 0.31-a0-667-g39726597b9 (webtiles) character file.

Game seed: 12553357386254249775

2378521 octothorp the Slayer (level 27, 233/233 HPs)
             Began as a Gnoll Reaver on Aug 31, 2023.
             Was a High Priest of Nemelex Xobeh.
             Escaped with the Orb
             ... and 4 runes on Sept 3, 2023!
             The game lasted 11:10:59 (67669 turns).

octothorp the Slayer (Gnoll Reaver)                Turns: 67669, Time: 11:11:00

Health: 233/233    AC: 41    Str: 30    XL:     27
Magic:  46/46      EV: 15    Int: 17    God:    Nemelex Xobeh [*****.]
Gold:   3035       SH: 20    Dex: 16    Spells: 4/65 levels left

rFire   + + +        a - +9 demon trident (freeze)
rCold   + + .        q - +5 kite shield {reflect}
rNeg    + . .        w - +9 scales of the Dragon King {rPois rF+ rC+ Will+}
rPois   +            f - +3 crown of Dyrovepreva {rElec Int+2 SInv}
rElec   +            h - scarf {rC+ rF+}
rCorr   +            z - +2 pair of gloves {hurl}
SInv    +            O - +1 pair of boots of Sugryrui {rN+ Regen+ rCorr}
Will    +++++        g - amulet of regeneration Stlth
                     e - ring "Ymuahec" {Will+ rCorr Str+7 Int+4 Dex-2}
HPRegen 2.18/turn    i - ring "Veze" {rF+ Will+ Str+8 Int-5}
MPRegen 0.30/turn

%: reflection
@: studying 2 skills
A: fangs 1, strong nose, distributed training, hooves 1, strong-willed 1,
evolution 1, inability to drink after injury 1, inability to read after injury 1
0: Orb of Zot
}: 4/15 runes: barnacled, silver, abyssal, gossamer
a: Renounce Religion, Draw Escape, Draw Destruction, Draw Summoning, Draw Stack,
Triple Draw, Deal Four, Stack Five


You escaped.
You worshipped Nemelex Xobeh.
Nemelex Xobeh was extremely pleased with you.
You visited 10 branches of the dungeon, and saw 49 of its levels.
You visited the Abyss 1 time.
You also visited: Trove, Bailey and Wizlab.

You collected 8310 gold pieces.
You spent 5275 gold pieces at shops.

Inventory:

Hand Weapons
 a - a +9 demon trident of freezing (weapon)
 b - a +4 eudemon blade of holy wrath
Missiles
 r - 11 boomerangs (quivered)
 v - 24 curare-tipped darts
 I - 2 throwing nets
 K - 10 darts of dispersal
 L - 3 silver javelins
Armour
 f - the +3 crown of Dyrovepreva (worn) {rElec Int+2 SInv}
   (You bought it in a shop on level 3 of the Elven Halls)

   Int+2:     It affects your intelligence (+2).
   rElec:     It insulates you from electricity.
   SInv:      It lets you see invisible.
 h - a scarf of resistance (worn)
 q - a +5 kite shield of reflection (worn)
 w - the +9 scales of the Dragon King (worn) {rPois rF+ rC+ Will+}
   (You found it on level 3 of the Elven Halls)

   rF+:       It protects you from fire.
   rC+:       It protects you from cold.
   rPois:     It protects you from poison Will+: It increases your willpower.
 z - a +2 pair of gloves of hurling (worn)
 O - the +1 pair of boots of Sugryrui (worn) {rN+ Regen+ rCorr}
   (You acquired it on level 11 of the Dungeon)

   rN+:       It protects you from negative energy.
   Regen+:    It increases your rate of health regeneration.
   rCorr:     It protects you from acid and corrosion.
Jewellery
 e - the ring "Ymuahec" (left hand) {Will+ rCorr Str+7 Int+4 Dex-2}
   (You found it in a treasure trove)

   [ring of willpower]

   Str+7:     It affects your strength (+7).
   Int+4:     It affects your intelligence (+4).
   Dex-2:     It affects your dexterity (-2).
   Will+:     It increases your willpower.
   rCorr:     It protects you from acid and corrosion.
 g - an amulet of regeneration (around neck)
 i - the ring "Veze" (right hand) {rF+ Will+ Str+8 Int-5}
   (You found it in a treasure trove)

   [ring of willpower]

   Str+8:     It affects your strength (+8).
   Int-5:     It affects your intelligence (-5).
   rF+:       It protects you from fire.
   Will+:     It increases your willpower.
 s - a +4 ring of slaying
 H - the ring of the Mage {Wiz Archmagi}
   (You took it off a deep elf zephyrmancer on level 3 of the Elven Halls)

   [ring of wizardry]

   Wiz:       It improves your spell success rate.
   Archmagi:  It increases the power of your magical spells.
Wands
 A - a wand of roots (44)
 N - a wand of digging (3)
 U - a wand of acid (7)
 V - a wand of paralysis (46)
 X - a wand of mindburst (25)
Scrolls
 k - 10 scrolls of teleportation {@r2}
 p - 7 scrolls of fear
 y - 4 scrolls of blinking {@r3}
 B - a scroll of amnesia
 C - 6 scrolls of vulnerability
 D - 4 scrolls of silence
 E - a scroll of revelation
 W - 5 scrolls of poison
 Z - 4 scrolls of fog
Potions
 d - 18 potions of ambrosia
 j - a potion of heal wounds
 l - 4 potions of might
 n - 4 potions of haste
 o - 5 potions of brilliance
 t - 5 potions of mutation
 u - 7 potions of curing
 G - 2 potions of invisibility
 M - 2 potions of cancellation
 P - 2 potions of magic
 Q - a potion of enlightenment
 Y - 2 potions of berserk rage
Miscellaneous
 c - a sack of spiders
 R - a condenser vane
 S - a phial of floods
 T - a phantom mirror


   Skills:
 + Level 22.5 Fighting
 + Level 18.9 Short Blades
 + Level 18.9 Long Blades
 + Level 18.9 Axes
 + Level 19.8 Maces & Flails
 + Level 18.9 Polearms
 + Level 18.9 Staves
 + Level 18.9 Ranged Weapons
 + Level 18.9 Throwing
 + Level 18.9 Armour
 + Level 19.4 Dodging
 + Level 18.9 Stealth
 + Level 18.9 Shields
 + Level 18.9 Unarmed Combat
 + Level 19.5 Spellcasting
 + Level 16.9 Conjurations
 + Level 16.1 Hexes
 + Level 16.1 Summonings
 + Level 16.1 Necromancy
 + Level 16.1 Translocations
 + Level 16.1 Transmutations
 + Level 16.1 Fire Magic
 + Level 20.7 Ice Magic
 + Level 16.1 Air Magic
 + Level 16.1 Earth Magic
 + Level 16.1 Poison Magic
 + Level 20.4 Invocations
 + Level 18.9 Evocations
 + Level 17.5 Shapeshifting


You had 4 spell levels left.
You knew the following spells:

 Your Spells              Type           Power      Damage    Failure   Level
b - Blink                 Tloc           100%       N/A       1%          2
c - Mephitic Cloud        Conj/Pois/Air  64%        N/A       1%          3
d - Vampiric Draining     Necr           64%        2d10      1%          3
e - Vhi's Electric Charg  Tloc/Air       100%       N/A       1%          4
g - Ignite Poison         Fire/Tmut/Pois 64%        N/A       1%          3
i - Irradiate             Conj/Tmut      32%        3d22      1%          5
o - Olgreb's Toxic Radia  Pois           64%        N/A       1%          4
p - Portal Projectile     Hex/Tloc       100%       N/A       1%          3
s - Simulacrum            Ice/Necr       34%        N/A       3%          6
u - Dispel Undead         Necr           64%        3d22      1%          4
v - Summon Mana Viper     Hex/Summ       64%        N/A       1%          5
x - Borgnjor's Vile Clut  Necr/Erth      32%        N/A       1%          5
z - Freezing Cloud        Conj/Ice/Air   33%        6-21      1%          5
G - Passage of Golubria   Tloc           64%        N/A       1%          4
P - Passwall              Tmut/Erth      53%        N/A       1%          2
S - Swiftness             Air            64%        N/A       1%          3

Your spell library contained the following spells:

 Spells                   Type           Power      Damage    Failure   Level
 Apportation              Tloc           100%       N/A       1%          1
 Foxfire                  Conj/Fire      100%       2x1d9     1%          1
 Kiss of Death            Conj/Necr      100%       2d13      1%          1
 Magic Dart               Conj           100%       1d8       1%          1
 Necrotise                Necr           100%       1d9       1%          1
 Sandblast                Erth           100%       2d20      1%          1
 Shock                    Conj/Air       100%       1d9       1%          1
 Slow                     Hex            100%       N/A       1%          1
 Sting                    Tmut/Pois      100%       1d8       1%          1
 Summon Small Mammal      Summ           100%       N/A       1%          1
 Cigotuvi's Dreadful Rot  Necr/Pois/Air  100%       N/A       1%          2
 Lesser Beckoning         Tloc           100%       N/A       1%          2
 Momentum Strike          Conj/Tloc      100%       3d10      1%          2
 Poisonous Vapours        Pois/Air       100%       N/A       1%          2
 Searing Ray              Conj           100%       2d8       1%          2
 Static Discharge         Conj/Air       100%       2-7/arc   1%          2
 Sublimation of Blood     Necr           64%        N/A       1%          2
 Wereblood                Tmut           64%        N/A       1%          2
 Call Canine Familiar     Summ           64%        N/A       1%          3
 Confusing Touch          Hex            64%        N/A       1%          3
 Gell's Gravitas          Tloc           64%        N/A       1%          3
 Hailstorm                Conj/Ice       69%        3d14      1%          3
 Inner Flame              Hex/Fire       64%        N/A       1%          3
 Ozocubu's Armour         Ice            72%        N/A       1%          3
 Summon Guardian Golem    Hex/Summ       64%        N/A       1%          3
 Teleport Other           Tloc           64%        N/A       1%          3
 Airstrike                Air            32%        2d(5-21)  1%          4
 Anguish                  Hex/Necr       32%        N/A       1%          4
 Animate Armour           Summ/Erth      100%       N/A       1%          4
 Animate Dead             Necr           64%        N/A       1%          4
 Cause Fear               Hex            32%        N/A       1%          4
 Flame Wave               Conj/Fire      64%        2d15      1%          4
 Fulminant Prism          Conj/Hex       32%        3d16      1%          4
 Leda's Liquefaction      Hex/Erth       32%        N/A       1%          4
 Manifold Assault         Tloc           64%        N/A       1%          4
 Petrify                  Tmut/Erth      64%        N/A       1%          4
 Sticky Flame             Conj/Fire      64%        2d8       1%          4
 Summon Ice Beast         Ice/Summ       68%        N/A       1%          4
 Summon Lightning Spire   Summ/Air       64%        N/A       1%          4
 Agony                    Necr           64%        N/A       1%          5
 Arcjolt                  Conj/Air       32%        1d42      1%          5
 Fireball                 Conj/Fire      32%        3d14      1%          5
 Lee's Rapid Deconstruct  Erth           32%        3d16*     1%          5
 Metabolic Englaciation   Hex/Ice        34%        N/A       1%          5
 Summon Forest            Summ/Tloc      32%        N/A       1%          5
 Leda's Unmaking          Conj/Erth      32%        9d6       8%          6
 Ozocubu's Refrigeration  Ice            36%        4d15      8%          7
 Death Channel            Necr           32%        N/A       9%          6
 Eringya's Noxious Bog    Tmut/Pois      32%        4d6       9%          6
 Plasma Beam              Fire/Air       32%        2x1d45    9%          6
 Orb of Destruction       Conj           32%        9d10      34%         7
 Spellforged Servitor     Conj/Summ      32%        N/A       38%         7
 Haunt                    Necr/Summ      32%        N/A       43%         7
 Monstrous Menagerie      Summ           32%        N/A       43%         7
 Summon Hydra             Summ           32%        N/A       43%         7
 Lehudib's Crystal Spear  Conj/Erth      32%        10d8      97%         8
 Borgnjor's Revivificati  Necr           32%        N/A       98%         8
 Discord                  Hex            32%        N/A       98%         8
 Ignition                 Fire           32%        3d10      98%         8
 Infestation              Necr           32%        N/A       98%         8
 Death's Door             Necr           32%        N/A       100%        9
 Dragon's Call            Summ           32%        N/A       100%        9
 Polar Vortex             Ice            36%        12d4*     100%        9


Dungeon Overview and Level Annotations

Branches:
Dungeon (15/15)            Temple (0/1) D:6            Lair (5/5) D:11
 Shoals (4/4) Lair:2       Spider (4/4) Lair:2        Slime (0/5) Lair:5
    Orc (2/2) D:11            Elf (3/3) Orc:2        Vaults (5/5) D:14
  Crypt (2/3) Vaults:3     Depths (4/4) D:15            Zot (5/5) Depths:4
 Bailey (visited)          WizLab (visited)

Altars:
Ashenzari
Elyvilon
Gozag
Hepliaklqana
Kikubaaqudgha
Makhleb
Nemelex Xobeh
Okawaru
Qazlal
Sif Muna
Trog
Uskayaw
Vehumet
Xom
Zin
The Shining One
Jiyva

Shops:
D:10 [   D:15 (   Orc:1 !   Orc:2 *((*   Elf:2 (([   Elf:3 [((   Vaults:1 :
Vaults:3 =

Portals:
Hell: Lair:5 Depths:1 Depths:2 Depths:3 Depths:4
Abyss: Depths:1 Depths:3
Pandemonium: Depths:2 Depths:3
Ziggurat: Depths:4

Annotations:
D:2 exclusion: downstairs
D:3 exclusion: downstairs
D:6 exclusion: two-headed ogre
D:8 exclusion: hornet
D:10 3 runed translucent doors, Sapher's ghost, amateur SpDe
D:14 exclusion: 2 downstairs
Lair:1 Harold
Lair:4 exclusion: 2 downstairs
Lair:5 1 runed translucent door
Orc:1 exclusion: downstairs
Crypt:2 Grunn; Sojobo
Zot:4 1 runed translucent door, Sofait's ghost, legendary GnFE


Innate Abilities, Weirdness & Mutations

You have very sharp teeth.
Your uncanny sense of smell can sniff out nearby items.
Your experience applies equally to all skills.
You have large cloven feet.
You are strong-willed. (Will+)
You have hidden genetic potential.
You occasionally lose the ability to drink potions when taking damage.
You occasionally lose the ability to read scrolls when taking damage.


Message History

No target in view!
A mysterious force pulls you upwards. The hatch slams shut behind you.
Level annotation: exclusion: downstairs
There is a stone staircase leading up here.
You climb upwards.
Level annotation: exclusion: downstairs
There is a stone staircase leading down here.
You see here a +0 dagger.
An Orb Guardian comes into view.
Casting: Simulacrum (mildly dangerous; 3% risk of failure)
Confirm with . or Enter, or press ? or * to list all spells.
Aiming: Simulacrum (mildly dangerous; 3% risk of failure)
Press: ? - help, Shift-Dir - straight line, f - Orb Guardian
Aim: an Orb Guardian You freeze the Orb Guardian's soul.
You block the Orb Guardian's attack.
The Orb Guardian attacks as it pursues you!
The Orb Guardian misses you.
The Orb Guardian hits you but does no damage.
You block the Orb Guardian's attack.
There is a stone staircase leading up here.
You impale the Orb Guardian!! You freeze the Orb Guardian!
The Orb Guardian is moderately wounded.
The Orb Guardian hits you!
You impale the Orb Guardian!! You freeze the Orb Guardian!
The Orb Guardian is severely wounded.
The Orb Guardian closely misses you.
You puncture the Orb Guardian! You freeze the Orb Guardian.
You bite the Orb Guardian, but do no damage.
The Orb Guardian is almost dead.
You block the Orb Guardian's attack.
You hit the Orb Guardian. You freeze the Orb Guardian.
You kill the Orb Guardian!
A freezing mist starts to gather... x2
A sun demon comes into view.
You climb upwards.
Your mindless puppet stays behind to rot.
There is a stone staircase leading down here.
Magic restored.
There is a staircase leading out of the dungeon here.
You have escaped!

#.# #..#########.### ##.# #..#
####.### ...#
##########..######....... ####
#...............##.##.##.
#.........#.###.##.##.##.
#.........#)# #.#........
#...♣.....#.# #.#...#.##.
##....8....#.###.....#.##.
##........@.........[(.....
##.#.....................###
##............#####.....#.###
#.#...........#####.....#....
##.....##.....).).....#.#..##
##.#.###.###.######.........
##.....##.# #.# #..#.#..##
#...>...#.###.######..#.#..##
###...>[##..................##


There were no monsters in sight!

Vanquished Creatures
  3 dread liches (Zot:5)
  2 orbs of fire (Zot:5)
  5 ancient liches
  Mara (Depths:2)
  Mennas (Vaults:5)
  A juggernaut (Depths:4)
  Parghit (Zot:3)
  Frederick (Vaults:5)
  A Killer Klown (Zot:5)
  3 caustic shrikes
  the Enchantress (Depths:4)
  3 golden dragons
  3 bone dragons
  Norris (Depths:2)
  A doom hound (Crypt:2)
  A Tzitzimitl (Depths:4)
  Arachne (Spider:3)
  A hellephant (Depths:3)
  Jorgrun (D:15)
  10 tentacled monstrosities
  4 liches
  12 Orb Guardians
  2 Hell Sentinels (Zot:5)
  Rupert (Orc:2)
  A shard shrike skeleton (Crypt:1)
  A walking earthen tome (Depths:3)
  3 quicksilver dragons
  3 sphinxes
  3 titans (Vaults:5)
  2 deep elf master archers (Elf:3)
  An acid blob (shapeshifter) (Depths:2)
  An Executioner (Abyss:3)
  2 ancient champions (Crypt:1)
  4 death cobs
  Gastronok (Orc:1)
  12 tentacled starspawn
  8 storm dragons
  Polyphemus (Shoals:3)
  11 tengu reavers
  A storm dragon (shapeshifter) (Vaults:5)
  4 shadow dragons
  A draconian monk (Zot:1)
  Donald (Spider:2)
  Ilsuiw (Shoals:2)
  3 revenants (Crypt:1)
  6 fire giants
  2 draconian knights (Zot:5)
  19 frost giants
  17 vault wardens
  9 deep elf sorcerers
  A caustic shrike zombie (Crypt:1)
  6 emperor scorpions
  Louise (Shoals:4)
  5 deep elf elementalists (Elf:3)
  2 draconian scorchers
  A curse skull (Crypt:1)
  4 ghost moths
  5 ghouls
  10 ironbound preservers
  An orc warlord (Vaults:2)
  5 draconian annihilators
  A draconian stormcaller (Depths:4)
  4 spriggan defenders
  3 cacodemons (Abyss:3)
  A caustic shrike skeleton (Crypt:1)
  A quicksilver ooze (Lair:4)
  16 stone giants
  2 reapers
  2 broodmothers
  5 juggernaut skeletons (Crypt:1)
  22 very ugly things
  2 war gargoyles
  7 deep elf demonologists
  2 vampire knights
  5 deep elf annihilators
  8 ironbound thunderhulks
  An orange crystal statue (WizLab)
  6 red draconians
  6 spark wasps
  2 dire elephants (Vaults:3)
  3 white draconians
  7 black draconians
  5 purple draconians (Zot:5)
  A green draconian (Zot:5)
  5 yellow draconians
  An eidolon (Crypt:1)
  6 deep elf death magi
  Josephine (D:14)
  4 merfolk impalers
  10 ettins
  A blizzard demon (Abyss:3)
  11 fire dragons
  2 deep elf high priests
  8 jiangshi
  27 vault guards
  12 yaktaur captains
  3 merfolk javelineers
  5 rakshasas
  3 pearl dragon skeletons (Crypt:1)
  4 entropy weavers
  4 great orbs of eyes
  10 hydras
  A peacekeeper (Vaults:2)
  2 merfolk avatars (Shoals:2)
  3 ogre magi
  10 ice dragons
  A radroach (Spider:4)
  5 spriggan air magi
  An anaconda (shapeshifter) (Vaults:3)
  4 merfolk aquamancers (Shoals:4)
  A quicksilver dragon skeleton (Crypt:1)
  7 ironbound frosthearts
  An alligator snapping turtle (Shoals:4)
  An alligator (Spider:1)
  A sphinx zombie (Vaults:3)
  An anaconda (Lair:3)
  2 catoblepae
  32 dancing weapons
  21 centaur warriors
  2 boulder beetles
  11 two-headed ogres
  4 death yaks
  4 deep troll earth magi
  An orc high priest (Elf:1)
  4 deep troll shamans (Depths:2)
  2 tengu warriors
  4 satyrs
  4 vampire magi
  5 demonic crawlers
  3 hell hogs (Abyss:3)
  21 thrashing horrors (Abyss:3)
  A titan skeleton (Crypt:1)
  4 spriggan berserkers
  10 skysharks
  5 iron trolls
  7 wretched stars (Abyss:3)
  11 deep elf knights
  A hellephant skeleton (Crypt:1)
  4 sun demons
  23 skeletal warriors
  3 hell knights (Depths:4)
  4 pharaoh ants
  3 fire crabs
  4 sixfirhies
  5 glowing orange brains
  53 deep trolls
  2 storm dragon skeletons (Crypt:1)
  A swamp dragon (Spider:1)
  7 orb spiders
  10 sea snakes
  2 flayed ghosts
  An orb spider (shapeshifter) (Abyss:3)
  10 deep elf archers
  2 tengu zombies
  A steelbarb worm (shapeshifter) (Lair:4)
  35 deep elf pyromancers
  An anaconda skeleton (Abyss:3)
  8 lindwurms
  2 bog bodies (Crypt:1)
  6 steelbarb worms
  17 ironbound convokers
  24 wizards
  13 phantasmal warriors
  6 orc knights
  20 deep elf zephyrmancers
  15 harpies
  2 shining eyes (shapeshifter)
  2 shining eyes (Abyss:3)
  2 oklob plants
  11 fauns (Shoals:2)
  3 orc sorcerers
  A glowing shapeshifter (Depths:2)
  10 cyclopes
  6 necromancers
  16 wolf spiders
  38 ugly things
  17 manticores
  4 worldbinders
  9 merfolk sirens
  5 black mambas
  4 moths of wrath
  Maurice (D:8)
  9 water nymphs
  13 elephants
  A toenail golem (D:11)
  3 moths of wrath (shapeshifter)
  19 vault sentinels
  Joseph (D:9)
  5 torpor snails
  A rust devil (Depths:3)
  A dire elephant zombie (Abyss:3)
  An eye of devastation (Vaults:4)
  3 guardian serpents
  2 orange demons (Abyss:3)
  6 smoke demons
  2 apocalypse crabs
  A titan simulacrum (Abyss:1)
  A gargoyle (D:13)
  2 ice statues (Depths:1)
  A naga zombie (Abyss:1)
  Jeremiah (D:7)
  44 large abominations
  A white draconian zombie (Crypt:1)
  13 cane toads
  3 efreet
  2 unseen horrors
  2 hellions
  2 dire elephant skeletons (Crypt:1)
  27 yaktaurs
  7 rime drakes
  2 tormentors
  2 red devils (Lair:5)
  4 ice devils (Lair:5)
  An alligator snapping turtle skeleton (Crypt:1)
  6 komodo dragons
  7 freezing wraiths
  5 tengu conjurers
  2 ancient zymes (Abyss:3)
  25 merfolk
  4 meliai
  6 polar bears
  15 trolls
  2 queen bees
  A harpy skeleton (Crypt:1)
  13 tarantellas
  6 wind drakes
  5 hornets
  8 blink frogs
  A hydra skeleton (Crypt:1)
  3 raiju (Abyss:3)
  A radroach zombie (Crypt:1)
  A blink frog (shapeshifter) (Elf:1)
  5 snapping turtles
  21 dream sheep
  33 slime creatures
  A black mamba zombie (Crypt:1)
  An air elemental (Elf:3)
  29 flying skulls
  2 deep troll zombies (Vaults:3)
  2 centaur simulacra (D:14)
  12 culicivoras
  29 jumping spiders
  6 spriggans
  9 ynoxinuls
  43 yaks
  3 vampires
  15 water elementals
  9 wraiths
  3 golden eyes (Abyss:3)
  A nameless horror (Depths:1)
  5 wyverns
  2 fire elementals (Elf:1)
  10 neqoxecs
  2 hogs
  A steam dragon (D:10)
  3 humans
  20 redbacks
  A chaos spawn (Abyss:3)
  6 basilisks
  15 vampire mosquitoes
  3 acid dragons
  3 wargs
  A warg (shapeshifter) (D:15)
  A hydra simulacrum (Abyss:3)
  A naga (Vaults:4)
  15 water moccasins
  A floating eye (Depths:2)
  12 hell hounds
  A manticore zombie (Crypt:1)
  2 ice beasts (D:7)
  26 orc warriors
  A sky beast (D:8)
  A tengu (Depths:4)
  4 black bears
  21 ogres
  16 wolves
  5 boggarts (Vaults:1)
  18 starcursed masses (Abyss:3)
  5 centaurs
  A phantom (D:5)
  7 kobold brigands
  Blork the orc (D:4)
  12 bullfrogs
  18 small abominations
  A vine stalker zombie (Crypt:2)
  4 necrophages
  8 earth elementals
  A scorpion (Lair:2)
  6 wights
  A troll zombie (Crypt:1)
  31 killer bees
  A polar bear zombie (Crypt:1)
  An oklob sapling (D:12)
  6 howler monkeys
  5 electric eels
  A quasit (Abyss:2)
  2 jellies
  17 orc priests
  4 hounds
  A gnoll bouda (D:5)
  3 iron imps (D:9)
  A sleepcap (D:7)
  Jessica (D:3)
  4 iguanas
  24 orc wizards
  A hell rat (Lair:3)
  A sky beast zombie (Crypt:1)
  A boggart simulacrum (D:14)
  Robin (D:3)
  14 adders
  8 gnolls
  2 river rats (D:6)
  3 shadow imps
  A white imp (D:7)
  4 ufetubi
  2 worms
  2 dart slugs
  89 orcs
  3 endoplasms
  A giant cockroach (D:11)
  15 goblins
  12 hobgoblins
  11 jackals
  3 quokkas
  16 ball pythons
  6 bats
  2 frilled lizards
  A goblin (shapeshifter) (Vaults:1)
  A jackal zombie (Crypt:1)
  21 kobolds
  4 rats
  2 butterflies
  3 lurking horrors (Abyss:3)
  12 starspawn tentacles
2184 creatures vanquished.

Vanquished Creatures (collateral kills)
  2 dread liches
  A Killer Klown (Zot:5)
  Saint Roka (Depths:1)
  2 golden dragons
  A bone dragon (Crypt:1)
  An electric golem (Zot:5)
  3 tentacled monstrosities
  A lich (Depths:2)
  15 Orb Guardians
  A quicksilver dragon (Vaults:5)
  Asterion (Depths:2)
  2 titans (Vaults:3)
  A sphinx (Vaults:4)
  5 storm dragons
  A draconian monk (Depths:4)
  A fire giant (Depths:4)
  A draconian knight (Zot:3)
  An emperor scorpion (Lair:5)
  A draconian scorcher (Zot:5)
  5 frost giants
  2 vault wardens
  A ghost moth (Zot:5)
  An angel (Zot:5)
  A draconian shifter (Zot:1)
  4 very ugly things (Depths:2)
  A spriggan defender (Depths:2)
  2 stone giants
  5 ironbound preservers
  A vampire knight (Depths:1)
  A formless jellyfish (Shoals:4)
  An ironbound thunderhulk (Vaults:4)
  A deep elf annihilator (Elf:3)
  3 green draconians
  A deep elf demonologist (Elf:3)
  2 purple draconians (Zot:5)
  A red draconian (Zot:1)
  A black draconian (Zot:1)
  A yellow draconian (Zot:5)
  A blizzard demon (Depths:1)
  A merfolk impaler (Shoals:4)
  A fire dragon (Depths:1)
  2 great orbs of eyes
  A hydra (Lair:5)
  6 ice dragons
  A spriggan air mage (Depths:2)
  A merfolk aquamancer (Shoals:4)
  A death knight (Vaults:3)
  A dancing weapon (Elf:2)
  2 deep troll shamans
  A hell knight (Depths:2)
  A soul eater (Crypt:2)
  A wretched star (Abyss:3)
  A skeletal warrior (Crypt:1)
  13 deep trolls (Vaults:4)
  An iron troll (Depths:4)
  A skyshark (Shoals:2)
  A sea snake (Shoals:2)
  A spriggan rider (Depths:2)
  A lindwurm (Lair:3)
  2 wizards
  A necromancer (Depths:2)
  2 deep elf zephyrmancers (Elf:3)
  A deep elf pyromancer (Elf:3)
  2 ironbound convokers
  8 ugly things
  An elephant (Lair:4)
  2 vault sentinels
  A komodo dragon (Lair:2)
  A yaktaur (Vaults:4)
  A freezing wraith (Vaults:3)
  A spriggan skeleton (Depths:2)
  A tengu conjurer (Depths:4)
  2 merfolk (Shoals:2)
  2 blink frogs
  A slime creature (Vaults:3)
  A yak (Lair:2)
  A glowing shapeshifter zombie (Depths:2)
  A water moccasin (Lair:4)
  4 hell hounds (Zot:5)
  4 orc warriors
  3 kobold brigands (Bailey)
  An orc priest (Depths:1)
  2 orcs (Depths:1)
  3 kobolds (Bailey)
166 creatures vanquished.

Vanquished Creatures (others)
  A deep elf blademaster (Elf:3)
  A tentacled starspawn (Abyss:3)
  A deep elf sorcerer (Elf:3)
  A frost giant (Depths:4)
  A vampire knight (Depths:3)
  A vault guard (Vaults:5)
  A rakshasa (Abyss:2)
  A two-headed ogre (Orc:2)
  A deep elf knight (Elf:3)
  A wizard (Depths:1)
  2 deep elf pyromancers
  An ugly thing (Depths:1)
  A hornet (Depths:2)
  3 flying skulls
  A spriggan (Depths:2)
  6 golden eyes (Abyss:3)
  A yak (Lair:2)
  A small abomination (Abyss:3)
  A goblin (Vaults:4)
  A lurking horror (Abyss:3)
  30 starspawn tentacles
58 creatures vanquished.

Grand Total: 2408 creatures vanquished

Notes
Turn   | Place    | Note
-------+----------+-------------------------------------------
     0 | D:1      | octothorp the Gnoll Reaver began the quest for the Orb.
     0 | D:1      | Reached XP level 1. HP: 20/20 MP: 6/6
    53 | D:1      | Reached XP level 2. HP: 21/26 MP: 7/7
    61 | D:1      | Learned a level 2 spell: Momentum Strike
   314 | D:1      | Reached skill level 5 in Spellcasting
   314 | D:1      | Reached XP level 3. HP: 31/31 MP: 7/9
   689 | D:2      | Found a faded altar of an unknown god.
   701 | D:2      | Prayed at the altar of an unknown god.
   701 | D:2      | Became a worshipper of Nemelex Xobeh the Trickster
   701 | D:2      | Reached * piety under Nemelex Xobeh
   722 | D:2      | Received a gift from Nemelex Xobeh
   730 | D:2      | Reached skill level 1 in Invocations
   946 | D:2      | Reached skill level 1 in Short Blades
   946 | D:2      | Reached skill level 1 in Long Blades
   946 | D:2      | Reached skill level 1 in Axes
   946 | D:2      | Reached skill level 1 in Polearms
   946 | D:2      | Reached skill level 1 in Staves
   946 | D:2      | Reached skill level 1 in Ranged Weapons
   946 | D:2      | Reached skill level 1 in Throwing
   946 | D:2      | Reached skill level 1 in Armour
   946 | D:2      | Reached skill level 1 in Stealth
   946 | D:2      | Reached skill level 1 in Shields
   946 | D:2      | Reached skill level 1 in Unarmed Combat
   946 | D:2      | Reached skill level 1 in Evocations
  1223 | D:3      | Reached skill level 1 in Shapeshifting
  1223 | D:3      | Reached XP level 4. HP: 33/34 MP: 7/11
  1254 | D:3      | Reached skill level 1 in Hexes
  1254 | D:3      | Reached skill level 1 in Summonings
  1254 | D:3      | Reached skill level 1 in Necromancy
  1254 | D:3      | Reached skill level 1 in Translocations
  1254 | D:3      | Reached skill level 1 in Transmutations
  1254 | D:3      | Reached skill level 1 in Fire Magic
  1254 | D:3      | Reached skill level 1 in Ice Magic
  1254 | D:3      | Reached skill level 1 in Air Magic
  1254 | D:3      | Reached skill level 1 in Earth Magic
  1254 | D:3      | Reached skill level 1 in Poison Magic
  1419 | D:3      | Noticed Robin
  1536 | D:3      | Reached ** piety under Nemelex Xobeh
  1643 | D:3      | Reached XP level 5. HP: 36/38 MP: 9/12
  1706 | D:3      | Found a radiant altar of Vehumet.
  1724 | D:3      | Noticed Jessica
  1734 | D:3      | Killed Jessica
  2102 | D:3      | Killed Robin
  2161 | D:3      | Received a gift from Nemelex Xobeh
  2481 | D:4      | Noticed a black bear
  2497 | D:4      | Reached XP level 6. HP: 50/50 MP: 13/13
  2501 | D:4      | Killed a black bear
  2502 | D:4      | Reached skill level 5 in Fighting
  2502 | D:4      | Reached skill level 5 in Dodging
  2589 | D:4      | Noticed Blork the orc
  2605 | D:4      | Killed Blork the orc
  3011 | D:5      | Entered Level 5 of the Dungeon
  3030 | D:5      | Reached XP level 7. HP: 54/54 MP: 15/15
  3286 | D:5      | Reached *** piety under Nemelex Xobeh
  3289 | D:5      | Received a gift from Nemelex Xobeh
  3401 | D:5      | Found a shimmering altar of Xom.
  3408 | D:5      | Found a bloodstained altar of Trog.
  3415 | D:5      | Found a sparkling altar of Nemelex Xobeh.
  3913 | D:5      | Reached XP level 8. HP: 46/63 MP: 16/16
  4091 | D:6      | Found a glowing golden altar of the Shining One.
  4105 | D:6      | Received a gift from Nemelex Xobeh
  4191 | D:6      | Reached **** piety under Nemelex Xobeh
  4197 | D:6      | Found a broken altar of Ashenzari.
  4325 | D:6      | Noticed a two-headed ogre
  4368 | D:6      | Learned a level 2 spell: Searing Ray
  4370 | D:6      | Found a staircase to the Ecumenical Temple.
  4554 | D:6      | Found an ancient bone altar of Kikubaaqudgha.
  4613 | D:7      | Noticed Jeremiah
  4626 | D:7      | Killed Jeremiah
  4639 | D:7      | Identified the +5 sling of Dineto {drain, *Slow rN+++ rCorr
                  | MP-9}
  4667 | D:7      | Identified the +5 rapier of Kanek {holy, +Blink Stlth+}
  4727 | D:7      | Found a white marble altar of Elyvilon.
  4777 | D:7      | Received a gift from Nemelex Xobeh
  4827 | D:7      | Found a hide-covered altar of Uskayaw.
  4841 | D:7      | Found a flagged portal.
  4853 | Bailey   | Entered a bailey
  4879 | Bailey   | Reached skill level 6 in Fighting
  4895 | Bailey   | Reached XP level 9. HP: 40/69 MP: 12/18
  5522 | Bailey   | Found an iron altar of Okawaru.
  5975 | D:8      | Reached ***** piety under Nemelex Xobeh
  6038 | D:8      | Noticed a hornet
  6089 | D:8      | You fall into a shaft and drop 3 floors!
  6110 | D:11     | Received a gift from Nemelex Xobeh
  6132 | D:11     | Reached skill level 5 in Invocations
  6166 | D:11     | Noticed a troll
  6555 | D:11     | Noticed a troll
  6560 | D:11     | Killed a troll
  6638 | D:10     | Entered Level 10 of the Dungeon
  6676 | D:10     | Reached XP level 10. HP: 67/77 MP: 11/20
  6682 | D:10     | Reached skill level 5 in Short Blades
  6682 | D:10     | Reached skill level 5 in Long Blades
  6682 | D:10     | Reached skill level 5 in Axes
  6682 | D:10     | Reached skill level 5 in Polearms
  6682 | D:10     | Reached skill level 5 in Staves
  6682 | D:10     | Reached skill level 5 in Ranged Weapons
  6682 | D:10     | Reached skill level 5 in Throwing
  6682 | D:10     | Reached skill level 5 in Armour
  6682 | D:10     | Reached skill level 5 in Stealth
  6682 | D:10     | Reached skill level 5 in Shields
  6682 | D:10     | Reached skill level 5 in Unarmed Combat
  6682 | D:10     | Reached skill level 5 in Evocations
  6728 | D:10     | Received a gift from Nemelex Xobeh
  6737 | D:10     | Found Nomah's Armour Boutique.
  6898 | D:10     | Reached skill level 7 in Fighting
  7382 | D:9      | a yak changed into a guardian serpent
  7382 | D:9      | Noticed a guardian serpent
  7383 | D:9      | Killed a guardian serpent
  7384 | D:9      | Reached skill level 5 in Shapeshifting
  7455 | D:10     | Learned a level 3 spell: Hailstorm
  7459 | D:10     | Learned a level 3 spell: Call Canine Familiar
  7463 | D:10     | Learned a level 3 spell: Portal Projectile
  7600 | D:10     | Found a runed translucent gate.
  7600 | D:10     | Found a runed translucent gate.
  7600 | D:10     | Found a runed translucent gate.
  7600 | D:10     | Noticed Sapher's ghost (amateur SpDe)
  7600 | D:10     | Noticed a glowing orange brain
  7902 | D:8      | Noticed Maurice
  7922 | D:8      | Killed Maurice
  8032 | D:8      | Found a hazy altar of Hepliaklqana.
  8363 | D:9      | Found a burning altar of Makhleb.
  8432 | D:9      | Reached XP level 11. HP: 84/84 MP: 13/22
  8506 | D:9      | Noticed Joseph
  8518 | D:9      | Killed Joseph
  8519 | D:9      | Reached skill level 5 in Hexes
  8519 | D:9      | Reached skill level 5 in Summonings
  8519 | D:9      | Reached skill level 5 in Necromancy
  8519 | D:9      | Reached skill level 5 in Translocations
  8519 | D:9      | Reached skill level 5 in Transmutations
  8519 | D:9      | Reached skill level 5 in Fire Magic
  8519 | D:9      | Reached skill level 5 in Ice Magic
  8519 | D:9      | Reached skill level 5 in Air Magic
  8519 | D:9      | Reached skill level 5 in Earth Magic
  8519 | D:9      | Reached skill level 5 in Poison Magic
  8616 | D:9      | Received a gift from Nemelex Xobeh
  8821 | D:10     | Found an iron altar of Okawaru.
  9078 | D:11     | Noticed an orc knight
  9100 | D:11     | an orc knight changed into a hog
  9303 | D:11     | Found a staircase to the Orcish Mines.
  9417 | D:11     | Noticed a cyclops
  9427 | D:11     | Killed a cyclops
  9428 | D:11     | Reached skill level 8 in Fighting
  9752 | D:11     | Found a staircase to the Lair.
 10145 | D:11     | Identified a scroll of acquirement
 10153 | D:11     | Acquired the +1 pair of boots of Sugryrui {rN+ Regen+
                  | rCorr}
 10361 | D:11     | Noticed a three-headed hydra
 10379 | D:11     | Killed a three-headed hydra
 10380 | D:11     | Reached XP level 12. HP: 75/94 MP: 24/24
 10492 | Lair:1   | Entered Level 1 of the Lair of Beasts
 10672 | Orc:1    | Entered Level 1 of the Orcish Mines
 10672 | Orc:1    | Noticed Gastronok
 10773 | Lair:1   | Received a gift from Nemelex Xobeh
 10922 | Lair:1   | Noticed Harold
 11026 | Lair:1   | Noticed a four-headed hydra
 11039 | Lair:1   | Killed a four-headed hydra
 11040 | Lair:1   | Reached skill level 10 in Maces & Flails
 11163 | Lair:1   | Received a gift from Nemelex Xobeh
 11523 | Lair:2   | Reached skill level 9 in Fighting
 11528 | Lair:2   | Upgraded the game from 0.31-a0-662-g684573625c to
                  | 0.31-a0-664-g902f515a81
 11706 | Lair:2   | Received a gift from Nemelex Xobeh
 11892 | Lair:2   | a meliai changed into an entropy weaver
 11892 | Lair:2   | Noticed an entropy weaver
 11903 | Lair:2   | Killed an entropy weaver
 12070 | Lair:2   | Learned a level 3 spell: Vampiric Draining
 12142 | Lair:2   | Reached XP level 13. HP: 101/101 MP: 18/26
 12177 | Lair:2   | Found a hole to the Spider Nest.
 13423 | Lair:3   | Received a gift from Nemelex Xobeh
 13470 | Lair:3   | Reached skill level 10 in Spellcasting
 13968 | Lair:4   | Reached ****** piety under Nemelex Xobeh
 13997 | Lair:4   | Received a gift from Nemelex Xobeh
 14155 | Lair:4   | Reached skill level 10 in Fighting
 14155 | Lair:4   | Reached skill level 10 in Dodging
 14523 | Lair:5   | Entered Level 5 of the Lair of Beasts
 14538 | Lair:4   | Reached XP level 14. HP: 110/110 MP: 20/28
 14642 | Lair:5   | Noticed Sonja
 14642 | Lair:5   | Noticed Snorg
 14643 | Lair:5   | Sonja changed into Sonja the basilisk
 14643 | Lair:5   | Noticed Sonja
 14643 | Lair:5   | a death yak changed into a white draconian
 14643 | Lair:5   | Noticed a white draconian
 14643 | Lair:5   | Snorg changed into Snorg the fire crab
 14643 | Lair:5   | Noticed Snorg
 14644 | Lair:5   | Killed Sonja the basilisk
 14644 | Lair:5   | Killed Snorg the fire crab
 14646 | Lair:5   | Killed a white draconian
 14647 | Lair:5   | a death yak changed into a ghost moth
 14647 | Lair:5   | Noticed a ghost moth
 14647 | Lair:5   | a death yak changed into a storm dragon
 14647 | Lair:5   | Noticed a storm dragon
 14647 | Lair:5   | a death yak changed into an emperor scorpion
 14647 | Lair:5   | Noticed an emperor scorpion
 14647 | Lair:5   | a death yak changed into a quicksilver ooze
 14647 | Lair:5   | Noticed a quicksilver ooze
 14648 | Lair:5   | Reached skill level 10 in Invocations
 14995 | Lair:4   | Killed a quicksilver ooze
 15249 | Lair:4   | Killed a ghost moth
 15390 | Lair:5   | Received a gift from Nemelex Xobeh
 15915 | Lair:5   | Killed a storm dragon
 15918 | Lair:5   | Killed an emperor scorpion
 16116 | Lair:5   | Learned a level 4 spell: Sticky Flame
 16289 | Lair:5   | Received a gift from Nemelex Xobeh
 16353 | Lair:5   | Found a runed translucent door.
 16353 | Lair:5   | Found a viscous altar of Jiyva.
 16353 | Lair:5   | Found a staircase to the Slime Pits.
 17192 | Lair:5   | Found a burning altar of Makhleb.
 17197 | Lair:5   | Found a gateway to Hell.
 18104 | Lair:2   | Found a staircase to the Shoals.
 18656 | D:12     | Reached skill level 10 in Conjurations
 18666 | D:12     | Reached XP level 15. HP: 92/117 MP: 30/30
 18785 | D:12     | Found the +7 staff of the Meek {protect, meekguard}
 19222 | D:12     | Got the Encyclopedia of Different Poison
 19234 | D:12     | Learned a level 3 spell: Mephitic Cloud
 19637 | D:13     | Found a portal to a secret trove of treasure.
 19701 | D:13     | Reached skill level 11 in Fighting
 19701 | D:13     | Reached skill level 10 in Short Blades
 19701 | D:13     | Reached skill level 10 in Long Blades
 19701 | D:13     | Reached skill level 10 in Axes
 19701 | D:13     | Reached skill level 10 in Polearms
 19701 | D:13     | Reached skill level 10 in Staves
 19701 | D:13     | Reached skill level 10 in Ranged Weapons
 19701 | D:13     | Reached skill level 10 in Throwing
 19701 | D:13     | Reached skill level 10 in Armour
 19701 | D:13     | Reached skill level 10 in Stealth
 19701 | D:13     | Reached skill level 10 in Shields
 19701 | D:13     | Reached skill level 10 in Unarmed Combat
 19701 | D:13     | Reached skill level 10 in Evocations
 20109 | D:13     | Received a gift from Nemelex Xobeh
 20179 | D:13     | Learned a level 5 spell: Freezing Cloud
 20185 | D:13     | Learned a level 5 spell: Irradiate
 20704 | D:14     | Received a gift from Nemelex Xobeh
 20831 | D:14     | Noticed Josephine
 20837 | D:14     | Killed Josephine
 21357 | D:14     | Learned a level 3 spell: Ozocubu's Armour
 21400 | D:15     | Entered Level 15 of the Dungeon
 21407 | D:15     | Noticed Jorgrun
 21709 | Shoals:1 | Entered Level 1 of the Shoals
 22653 | Shoals:1 | Received a gift from Nemelex Xobeh
 23643 | Shoals:2 | Found a runed translucent door.
 24141 | Shoals:2 | Reached XP level 16. HP: 126/126 MP: 14/31
 24718 | Shoals:2 | Reached skill level 10 in Shapeshifting
 24761 | Shoals:2 | Noticed Ilsuiw
 24762 | Shoals:2 | Gained mutation: Your spells are a little harder to cast,
                  | but a little more powerful. [potion of mutation]
 24762 | Shoals:2 | Lost mutation: Your spells are a little harder to cast, but
                  | a little more powerful. [potion of mutation]
 24762 | Shoals:2 | Gained mutation: Your spells are a little harder to cast,
                  | but a little more powerful. [potion of mutation]
 24774 | Shoals:2 | Killed Ilsuiw
 25536 | Shoals:3 | Reached skill level 10 in Ice Magic
 25621 | Shoals:3 | Received a gift from Nemelex Xobeh
 25940 | Shoals:3 | Reached skill level 12 in Fighting
 26092 | Shoals:3 | Noticed Polyphemus
 26107 | Shoals:3 | Killed Polyphemus
 26431 | Shoals:4 | Entered Level 4 of the Shoals
 26938 | Shoals:4 | Paralysed by a formless jellyfish for 1 turns
 27084 | Shoals:4 | Got a barnacled rune of Zot
 27153 | Shoals:4 | Noticed Louise
 27212 | Shoals:4 | Reached XP level 17. HP: 116/134 MP: 26/33
 27281 | Shoals:4 | Received a gift from Nemelex Xobeh
 27725 | Orc:1    | Killed Gastronok
 27992 | Orc:2    | Entered Level 2 of the Orcish Mines
 28378 | Orc:2    | Noticed Rupert
 28537 | Orc:2    | Killed Rupert
 28566 | Orc:2    | Reached skill level 10 in Hexes
 28566 | Orc:2    | Reached skill level 10 in Summonings
 28566 | Orc:2    | Reached skill level 10 in Necromancy
 28566 | Orc:2    | Reached skill level 10 in Translocations
 28566 | Orc:2    | Reached skill level 10 in Transmutations
 28566 | Orc:2    | Reached skill level 10 in Fire Magic
 28566 | Orc:2    | Reached skill level 10 in Air Magic
 28566 | Orc:2    | Reached skill level 10 in Earth Magic
 28566 | Orc:2    | Reached skill level 10 in Poison Magic
 29054 | Orc:2    | Received a gift from Nemelex Xobeh
 29192 | Orc:1    | Found Neabba's Distillery.
 29206 | Orc:1    | Bought a potion of heal wounds for 75 gold pieces
 29206 | Orc:1    | Bought 2 potions of heal wounds for 150 gold pieces
 29358 | Orc:2    | Found a staircase to the Elven Halls.
 29363 | Orc:2    | Found Laxkim's Assorted Antiques.
 29368 | Orc:2    | Found Cuehoteh's Antique Weapon Boutique.
 29370 | Orc:2    | Found Luasusas's Weapon Emporium.
 29379 | Orc:2    | Found Afublo's Assorted Antiques.
 29387 | Orc:2    | Bought a sedimented inky potion for 25 gold pieces
 29387 | Orc:2    | Bought a scroll of identify for 56 gold pieces
 29387 | Orc:2    | Bought a scroll of identify for 56 gold pieces
 29393 | Orc:2    | Bought a potion of haste for 280 gold pieces
 29393 | Orc:2    | Bought a scroll labelled VAZXOGRAUNE for 28 gold pieces
 29477 | Orc:2    | Bought a triangular golden amulet for 160 gold pieces
 29489 | Orc:2    | Bought a brass ring for 160 gold pieces
 29492 | Orc:2    | Bought the +8 whip "Snakebite" {venom, curare, rPois} for
                  | 1734 gold pieces
 29492 | Orc:2    | Found the +8 whip "Snakebite" {venom, curare, rPois}
 29600 | Spider:1 | Entered Level 1 of the Spider Nest
 30535 | Spider:1 | Received a gift from Nemelex Xobeh
 30600 | Spider:1 | Reached skill level 13 in Fighting
 31008 | Spider:2 | Noticed Donald
 31023 | Spider:2 | Killed Donald
 31266 | Spider:3 | Received a gift from Nemelex Xobeh
 31282 | Spider:3 | Reached XP level 18. HP: 120/143 MP: 15/35
 31548 | Spider:3 | Noticed Arachne
 31562 | Spider:3 | Killed Arachne
 31772 | Spider:3 | Received a gift from Nemelex Xobeh
 31801 | Spider:4 | Entered Level 4 of the Spider Nest
 32080 | Spider:4 | Identified the +6 lajatang of Naotuwk {protect, Str+3}
 33887 | Spider:4 | Got a gossamer rune of Zot
 34651 | D:15     | Killed Jorgrun
 34853 | D:15     | Found a staircase to the Depths.
 34899 | D:15     | Received a gift from Nemelex Xobeh
 34909 | D:15     | Found Turuhiont's Antique Weapon Boutique.
 34927 | D:15     | Found a shimmering blue altar of Sif Muna.
 35161 | D:15     | Learned a level 5 spell: Summon Mana Viper
 35196 | Depths:1 | Entered Level 1 of the Depths
 35268 | Depths:1 | Identified the +1 trident of Daipro {venom, rN+ Int+2}
 35373 | Depths:1 | Received a gift from Nemelex Xobeh
 35421 | Depths:1 | Found a glowing silver altar of Zin.
 35664 | Depths:1 | Noticed a lich
 35685 | Depths:1 | Killed a lich
 35725 | Depths:1 | Identified the +8 morningstar of Extermination {drain, rC+}
 35821 | Depths:1 | Reached XP level 19. HP: 149/150 MP: 24/36
 36480 | Shoals:4 | Got Sif Muna's Volume of Rocky Degeneration
 36497 | Shoals:4 | Learned a level 2 spell: Passwall
 36555 | Shoals:4 | Killed Louise
 36888 | Depths:1 | Noticed Saint Roka
 36900 | Depths:1 | Killed Saint Roka
 37167 | Depths:1 | Found a one-way gate to the infinite horrors of the Abyss.
 37187 | Depths:1 | Found a sparkling altar of Nemelex Xobeh.
 37267 | Depths:1 | Received a gift from Nemelex Xobeh
 37346 | Depths:1 | Noticed a dread lich
 37358 | Depths:1 | Noticed a Tzitzimitl
 37453 | Depths:1 | Killed a dread lich
 37454 | Depths:1 | Reached skill level 14 in Fighting
 37618 | Depths:2 | Noticed Mara
 37631 | Depths:2 | Killed Mara
 37698 | Depths:2 | Noticed a golden dragon
 37738 | Depths:2 | Killed a golden dragon
 37904 | Depths:2 | Noticed Asterion
 37978 | Depths:2 | Identified the +1 flail "Vaap" {drain, +Blink Stlth+}
 37989 | Depths:2 | Noticed a golden dragon
 37991 | Depths:2 | Noticed a caustic shrike
 38003 | Depths:2 | Noticed a golden dragon
 38005 | Depths:2 | Killed a golden dragon
 38007 | Depths:2 | Killed a caustic shrike
 38030 | Depths:2 | Killed a golden dragon
 38072 | Depths:2 | Noticed Norris
 38075 | Depths:2 | Killed Norris
 38076 | Depths:2 | Reached skill level 15 in Maces & Flails
 38258 | D:14     | Found a gate to the Vaults.
 38277 | Vaults:1 | Entered Level 1 of the Vaults
 38831 | Vaults:1 | Reached XP level 20. HP: 160/160 MP: 34/38
 39142 | Vaults:1 | Reached skill level 15 in Invocations
 39447 | Vaults:1 | You fall into a shaft and drop 1 floor!
 39787 | Vaults:1 | Identified the +8 shortbow "Fipnopock" {heavy, rElec rPois}
 39825 | Vaults:1 | Received a gift from Nemelex Xobeh
 39903 | Vaults:1 | Found Ocoph's Book Shop.
 40808 | Vaults:2 | Received a gift from Nemelex Xobeh
 41546 | Vaults:2 | Reached skill level 15 in Spellcasting
 41712 | Vaults:2 | Upgraded the game from 0.31-a0-664-g902f515a81 to
                  | 0.31-a0-667-g39726597b9
 41907 | Vaults:3 | Received a gift from Nemelex Xobeh
 42379 | Vaults:3 | Reached skill level 15 in Fighting
 42379 | Vaults:3 | Reached skill level 15 in Dodging
 42526 | Vaults:3 | Received a gift from Nemelex Xobeh
 42546 | Vaults:3 | Reached XP level 21. HP: 168/168 MP: 40/40
 42627 | Vaults:3 | Received a gift from Nemelex Xobeh
 43073 | Vaults:3 | Found a staircase to the Crypt.
 43142 | Vaults:3 | Reached skill level 15 in Ice Magic
 43259 | Vaults:3 | Received a gift from Nemelex Xobeh
 43333 | Vaults:3 | Found Genan's Jewellery Shop.
 43396 | Vaults:3 | Bought the ring "Agohoy Noco" {rN+ Will+ Dex+3} for 467
                  | gold pieces
 43670 | Vaults:3 | Learned a level 6 spell: Simulacrum
 43898 | Vaults:4 | Received a gift from Nemelex Xobeh
 43951 | Vaults:4 | Found a magical portal.
 43964 | WizLab   | Entered Wucad Mu's Monastery
 44040 | WizLab   | Found the crystal ball of Wucad Mu {*channel}
 44047 | WizLab   | Identified the +2 long sword of the Old World {freeze,
                  | rCorr Dex+2}
 44099 | WizLab   | Reached XP level 22. HP: 176/176 MP: 20/41
 44380 | Vaults:4 | Received a gift from Nemelex Xobeh
 44639 | Vaults:4 | Paralysed by a sphinx for 4 turns
 44836 | Vaults:4 | Reached skill level 15 in Short Blades
 44836 | Vaults:4 | Reached skill level 15 in Long Blades
 44836 | Vaults:4 | Reached skill level 15 in Axes
 44836 | Vaults:4 | Reached skill level 15 in Polearms
 44836 | Vaults:4 | Reached skill level 15 in Staves
 44836 | Vaults:4 | Reached skill level 15 in Ranged Weapons
 44836 | Vaults:4 | Reached skill level 15 in Throwing
 44836 | Vaults:4 | Reached skill level 15 in Armour
 44836 | Vaults:4 | Reached skill level 15 in Stealth
 44836 | Vaults:4 | Reached skill level 15 in Shields
 44836 | Vaults:4 | Reached skill level 15 in Unarmed Combat
 44836 | Vaults:4 | Reached skill level 15 in Evocations
 45053 | Vaults:4 | Noticed a golden dragon
 45085 | Vaults:4 | Killed a golden dragon
 45086 | Vaults:4 | Reached skill level 16 in Fighting
 45281 | Crypt:1  | Entered Level 1 of the Crypt
 45357 | Crypt:1  | Received a gift from Nemelex Xobeh
 45674 | Crypt:1  | Reached XP level 23. HP: 184/184 MP: 40/42
 46004 | Crypt:1  | Received a gift from Nemelex Xobeh
 46071 | Crypt:1  | Noticed an ancient lich
 46092 | Crypt:1  | Killed an ancient lich
 46390 | Crypt:1  | Received a gift from Nemelex Xobeh
 47020 | Crypt:1  | Identified the +8 war axe "Posiedwegh" {freeze, rPois rF+
                  | Will+}
 47020 | Crypt:1  | Identified the +8 hand axe "Cageale" {elec, Str+2}
 47261 | Crypt:1  | Learned a level 4 spell: Olgreb's Toxic Radiance
 47265 | Crypt:1  | Learned a level 3 spell: Ignite Poison
 47273 | Crypt:1  | Learned a level 4 spell: Dispel Undead
 47328 | Crypt:2  | Noticed Grunn
 47499 | Crypt:2  | Identified the -2 quarterstaff of Distant Shores
                  | {antimagic, Dex+3}
 47503 | Crypt:2  | Noticed Sojobo
 47515 | Crypt:1  | Reached skill level 17 in Fighting
 47983 | Elf:1    | Entered Level 1 of the Elven Halls
 48364 | Elf:1    | Identified the +0 chain mail "Mid Tayd" {Contam rC+ rCorr
                  | Str+5}
 48526 | Elf:1    | Received a gift from Nemelex Xobeh
 48783 | Elf:2    | Found Wily's Antique Weapon Shop.
 48785 | Elf:2    | Found Farerum's Weapon Boutique.
 48787 | Elf:2    | Found Ohyziq's Armour Shop.
 49458 | Elf:2    | Found a huge runed translucent gate.
 49458 | Elf:2    | Found a huge runed translucent gate.
 49458 | Elf:2    | Found a huge runed translucent gate.
 49458 | Elf:2    | Found a huge runed translucent gate.
 49458 | Elf:2    | Found a huge runed translucent gate.
 49518 | Elf:2    | Reached XP level 24. HP: 195/195 MP: 43/43
 49967 | Elf:2    | Received a gift from Nemelex Xobeh
 50091 | Elf:3    | Entered Level 3 of the Elven Halls
 50091 | Elf:3    | Found Fusits's Weapon Boutique.
 50736 | Elf:3    | Found Cieqacw's Weapon Boutique.
 50951 | Elf:3    | Found Plog's Antique Armour Boutique.
 50956 | Elf:3    | Bought the +3 crown of Dyrovepreva {rElec Int+2 SInv} for
                  | 1573 gold pieces
 50956 | Elf:3    | Found the +3 crown of Dyrovepreva {rElec Int+2 SInv}
 51235 | Elf:3    | Identified the +6 long sword of Doilahaig {chaos, rElec
                  | rF+++ rC- Str+2}
 51235 | Elf:3    | Identified the amulet "Buetowk" {Faith Harm Will+ Int+4}
 51666 | Elf:3    | Identified the +2 quarterstaff of the Candelabrum {holy,
                  | rN++ Int+3}
 52116 | Elf:3    | Identified the +7 halberd "Emaam" {speed, rF- rN++}
 52321 | Elf:3    | Reached skill level 18 in Fighting
 52381 | Elf:3    | Identified the +11 short sword "Bingo" {freeze, rF+ Will+
                  | Str+3}
 52565 | Elf:3    | Found the +9 scales of the Dragon King {rPois rF+ rC+
                  | Will+}
 52574 | Elf:3    | Found the +2 hood of the Assassin {Detect Stab+ Stlth++}
 52583 | Elf:3    | Got the Writings on the Mortuary
 52584 | Elf:3    | Identified the staff of Summertime {*Slow rF+ Str+3 Earth}
 52593 | Elf:3    | Got Qurhetsoo's Almanac of Incandescent Correspondence
 52606 | Elf:3    | Learned a level 2 spell: Blink
 52615 | Elf:3    | Identified the +0 dagger "Lorem Ipsum" {venom, rCorr}
 52625 | Elf:3    | Identified the +6 scale mail "Saeptif" {-Tele rC++ rCorr
                  | Int+4}
 53151 | Vaults:5 | Entered Level 5 of the Vaults
 53156 | Vaults:5 | Reached skill level 15 in Shapeshifting
 53283 | Vaults:5 | Gained mutation: You are clumsy. (Dex -2) [a shining eye]
 53506 | Vaults:5 | Noticed an ancient lich
 53594 | Vaults:4 | Killed an ancient lich
 53802 | Vaults:4 | Reached skill level 15 in Conjurations
 54006 | Vaults:5 | Reached XP level 25. HP: 128/206 MP: 25/44
 54263 | Vaults:5 | Gained mutation: You have hidden genetic defects. [a
                  | shining eye]
 54272 | Vaults:5 | Lost mutation: You are clumsy. (Dex -2) [potion of
                  | mutation]
 54272 | Vaults:5 | Lost mutation: Your spells are a little harder to cast, but
                  | a little more powerful. [potion of mutation]
 54272 | Vaults:5 | Gained mutation: You are covered in fur. (AC +1) [potion of
                  | mutation]
 54273 | Vaults:5 | Lost mutation: You have hidden genetic defects. [potion of
                  | mutation]
 54273 | Vaults:5 | Lost mutation: You are covered in fur. (AC +1) [potion of
                  | mutation]
 54273 | Vaults:5 | Gained mutation: You are robust. (+10% HP) [potion of
                  | mutation]
 54273 | Vaults:5 | Gained mutation: You have sharp toenails. [potion of
                  | mutation]
 54357 | Vaults:5 | Identified the +5 scale mail of Fimej {Str+3}
 54595 | Vaults:5 | Noticed Frederick
 54610 | Vaults:5 | Killed Frederick
 54711 | Vaults:5 | Identified the +8 glaive of Causality {flame, Fragile Fly
                  | MP+9 Int+3}
 54719 | Vaults:5 | Identified the +4 rapier of Tortfeasance {flame, Fragile
                  | rElec rCorr Int+6 Dex-4}
 54724 | Vaults:5 | Noticed Mennas
 54731 | Vaults:5 | Reached skill level 19 in Fighting
 54750 | Vaults:5 | Killed Mennas
 54867 | Vaults:5 | Received a gift from Nemelex Xobeh
 54972 | Vaults:5 | Got the Parchment of Mustering and Contamination
 55327 | Vaults:5 | Identified the +7 scimitar of Lyog {holy, rC+ MP+9 Int-2
                  | Stlth+}
 55653 | Vaults:5 | Identified the +4 dagger of Oveob {speed, Stlth+}
 55659 | Vaults:5 | Identified the ring of Jeawk {AC+4 Str+4 Int+3}
 55662 | Vaults:5 | Got the Papyrus of Lithic Spooky Action
 55668 | Vaults:5 | Learned a level 4 spell: Passage of Golubria
 55713 | Vaults:5 | Learned a level 3 spell: Swiftness
 55750 | Vaults:5 | Got the Guide on the Flinty Hornet
 55754 | Vaults:5 | Got the Catalogue of the Solid Escort
 55761 | Vaults:5 | Got a silver rune of Zot
 56159 | Orc:1    | Bought a potion of resistance for 150 gold pieces
 56321 | D:13     | You paid a toll of 5 potions of resistance to enter a
                  | treasure trove
 56322 | Trove    | Entered a treasure trove
 56326 | Trove    | Identified the amulet "Idetith" {RegenMP Harm rPois Will+}
 56329 | Trove    | Identified the ring "Yturrik" {Str+6 Dex+4}
 56332 | Trove    | Identified the ring "Ymuahec" {Will+ rCorr Str+7 Int+4
                  | Dex-2}
 56334 | Trove    | Identified the ring "Veze" {rF+ Will+ Str+8 Int-5}
 56339 | Trove    | Identified the ring "Ojuas" {Will+ Int+3 Dex+3}
 56347 | Trove    | Identified the amulet of Pessimism {Spirit Str+6}
 56353 | Trove    | Identified the ring "Toethreck" {rCorr Str+2 Dex+2}
 56693 | Elf:3    | Bought a pair of faintly glowing gloves for 361 gold pieces
 56693 | Elf:3    | Identified the +2 pair of gloves "Dabbipn" {rCorr Str+3
                  | SInv} (You bought it in a shop on level 3 of the Elven
                  | Halls)
 57084 | Depths:2 | Found a one-way gate leading to the halls of Pandemonium.
 57114 | Depths:2 | Paralysed by a floating eye for 4 turns
 57132 | Depths:2 | You fall into a shaft and drop 2 floors!
 57132 | Depths:4 | Entered Level 4 of the Depths
 57179 | Depths:4 | Received a gift from Nemelex Xobeh
 57222 | Depths:3 | Found an opulent altar of Gozag.
 57421 | Depths:2 | Killed Asterion
 59122 | Depths:2 | Received a gift from Nemelex Xobeh
 59150 | Depths:2 | Found a glowing golden altar of the Shining One.
 59703 | Depths:3 | Learned a level 5 spell: Borgnjor's Vile Clutch
 60004 | Depths:3 | Received a gift from Nemelex Xobeh
 60121 | Depths:3 | Reached XP level 26. HP: 238/238 MP: 30/44
 60452 | Depths:4 | Noticed a juggernaut
 60465 | Depths:4 | Killed a juggernaut
 60684 | Depths:4 | Found a one-way gateway to a ziggurat.
 60752 | Depths:4 | Identified the +7 trident of Disharmony {freeze, Dex+2}
 60780 | Depths:4 | Reached skill level 20 in Fighting
 61265 | Depths:4 | Noticed the Enchantress
 61271 | Depths:4 | Killed the Enchantress
 61557 | Depths:4 | Received a gift from Nemelex Xobeh
 61750 | Depths:4 | Reached skill level 15 in Hexes
 61750 | Depths:4 | Reached skill level 15 in Summonings
 61750 | Depths:4 | Reached skill level 15 in Necromancy
 61750 | Depths:4 | Reached skill level 15 in Translocations
 61750 | Depths:4 | Reached skill level 15 in Transmutations
 61750 | Depths:4 | Reached skill level 15 in Fire Magic
 61750 | Depths:4 | Reached skill level 15 in Air Magic
 61750 | Depths:4 | Reached skill level 15 in Earth Magic
 61750 | Depths:4 | Reached skill level 15 in Poison Magic
 61759 | Depths:4 | Learned a level 4 spell: Vhi's Electric Charge
 61766 | Depths:4 | Found a gate to the Realm of Zot.
 61767 | Depths:4 | Found a stormy altar of Qazlal.
 61784 | Depths:4 | Identified the +7 dagger "Huph" {elec, *Noise rF+ rCorr
                  | Dex+3}
 61802 | Zot:1    | Entered Level 1 of the Realm of Zot
 62443 | Zot:3    | Noticed Parghit
 62458 | Zot:3    | Killed Parghit
 62600 | Zot:4    | Found a runed translucent door.
 62629 | Zot:4    | Noticed Sofait's ghost (legendary GnFE)
 62668 | Zot:5    | Entered Level 5 of the Realm of Zot
 62907 | Depths:3 | Voluntarily entered the Abyss.
 62953 | Abyss:1  | Found a corrupted altar of Lugonu.
 63130 | Abyss:2  | Received a gift from Nemelex Xobeh
 63179 | Abyss:3  | Found a corrupted altar of Lugonu.
 63932 | Abyss:3  | Reached XP level 27. HP: 249/249 MP: 37/45
 64052 | Abyss:3  | Reached skill level 21 in Fighting
 64468 | Abyss:3  | Gained mutation: You are vulnerable to cold. (rC-) [a
                  | neqoxec]
 64789 | Abyss:3  | Gained mutation: Armour fits poorly on your strangely
                  | shaped body. [a cacodemon]
 64858 | Abyss:3  | Got an abyssal rune of Zot
 64892 | Depths:3 | Escaped the Abyss
 64894 | Depths:3 | Lost mutation: You are vulnerable to cold. (rC-) [potion of
                  | mutation]
 64894 | Depths:3 | Lost mutation: You are robust. (+10% HP) [potion of
                  | mutation]
 64894 | Depths:3 | Gained mutation: Your flesh is heat resistant. (rF+)
                  | [potion of mutation]
 64894 | Depths:3 | Gained mutation: You occasionally lose the ability to drink
                  | potions when taking damage. [potion of mutation]
 64895 | Depths:3 | Lost mutation: Armour fits poorly on your strangely shaped
                  | body. [potion of mutation]
 64895 | Depths:3 | Lost mutation: Your flesh is heat resistant. (rF+) [potion
                  | of mutation]
 64895 | Depths:3 | Lost mutation: You have sharp toenails. [potion of
                  | mutation]
 64895 | Depths:3 | Gained mutation: You are strong-willed. (Will+) [potion of
                  | mutation]
 64895 | Depths:3 | Gained mutation: You have hidden genetic potential. [potion
                  | of mutation]
 65403 | Zot:5    | Received a gift from Nemelex Xobeh
 65513 | Zot:5    | Noticed an ancient lich
 65577 | Zot:5    | Killed an ancient lich
 65719 | Zot:5    | Noticed an orb of fire
 65742 | Zot:5    | Killed an orb of fire
 65860 | Zot:5    | Noticed a dread lich
 65880 | Zot:5    | Killed a dread lich
 65962 | Zot:5    | Noticed a dread lich
 65976 | Zot:5    | Killed a dread lich
 65992 | Zot:5    | Reached skill level 22 in Fighting
 66183 | Zot:5    | Noticed a dread lich
 66207 | Zot:5    | Killed a dread lich
 66400 | Zot:5    | Noticed a dread lich
 66413 | Zot:5    | Killed a dread lich
 66437 | Zot:5    | Noticed an ancient lich
 66449 | Zot:5    | Killed an ancient lich
 66648 | Zot:5    | Noticed an orb of fire
 66665 | Zot:5    | Gained mutation: Armour fits poorly on your strangely
                  | shaped body. [an orb of fire]
 66667 | Zot:5    | Gained mutation: You have large cloven feet. [an orb of
                  | fire]
 66669 | Zot:5    | Gained mutation: You occasionally lose the ability to read
                  | scrolls when taking damage. [an orb of fire]
 66683 | Zot:5    | Gained mutation: You sometimes lose the ability to read
                  | scrolls when taking damage. [an orb of fire]
 66695 | Zot:5    | Killed an orb of fire
 66732 | Zot:5    | Lost mutation: You occasionally lose the ability to drink
                  | potions when taking damage. [potion of mutation]
 66732 | Zot:5    | Lost mutation: Armour fits poorly on your strangely shaped
                  | body. [potion of mutation]
 66732 | Zot:5    | Lost mutation: You sometimes lose the ability to read
                  | scrolls when taking damage. [potion of mutation]
 66732 | Zot:5    | Gained mutation: You occasionally lose the ability to drink
                  | potions when taking damage. [potion of mutation]
 66779 | Zot:5    | Got the Orb of Zot
 66789 | Zot:5    | Noticed an ancient lich
 66798 | Zot:5    | Killed an ancient lich
 67216 | Depths:4 | Noticed Gyuxubru the pandemonium lord
 67262 | Depths:3 | Noticed a seraph
 67339 | Depths:1 | Noticed Hyagaiti the pandemonium lord
 67669 | D:$      | Escaped with the Orb!

Illustrated notes

Levels and vault maps discovered:
D:1:      wander_arrival_lonely_grave, layout_loops_ring,
          amcnicky_mini_pool_small
D:2:      layout_loops_ring, ebering_ecumenical_altar_webs
D:3:      layout_rooms, vehumet_altar_wand_db, uniq_robin, uniq_jessica
D:4:      layout_rooms, uniq_blork_the_orc
D:5:      layout_basic, minitemple
D:6:      layout_loops_cross, nicolae_overflow_hidden_temple,
          kiku_gazebo_garden_becter, ashenzari_altar_1,
          minmay_temple_entry_glass
D:7:      layout_basic, elyvilon_altar_1, mainiacjoe_overflow_small_starburst,
          enter_bailey_2, minmay_misc_feat_plants, kennysheep_generic_room_9,
          uniq_jeremiah
D:8:      layout_basic, lemuel_tele_altar, uniq_maurice
D:9:      layout_rooms, demons_altar, minmay_sticks_and_stones
D:10:     layout_cave_pools, okawaru_humans, gammafunk_ghost_ooze,
          nicolae_inconvenience_store, minmay_hedge_maze
D:11:     layout_stronghold, lair_entry_dummy, david_orc_5, serial_column_ruins,
          column_ruins_courtyard_long_water, column_ruins_hut,
          column_ruins_open_small_water, column_ruins_grid_1,
          column_ruins_grid_1, kennysheep_another_room, hangedman_ranch
D:12:     layout_cave_pools, abandoned_shop, grunt_decor_arrowhead,
          introduction_to_nature_2
D:13:     layout_small_grid, nicolae_trove_entry_diagonal
D:14:     minmay_coctagon, layout_irregular_city, hellmonk_vaults_keyhole,
          serial_glass, glass_columns_a, glass_columns_c, due_unseen_surprise,
          feat_on_display, uniq_josephine
D:15:     hangedman_depths_entry_try_elsewhere_first, layout_rooms,
          hangedman_decor_riveting, serial_shops, shop,
          nicolae_sif_muna_little_library, uniq_jorgrun
Lair:1:   layout_hall_layers, serial_forest, infiniplex_forest_lined_3,
          infiniplex_forest_lined_1, infiniplex_forest_clump_long,
          infiniplex_forest_lined_room_, infiniplex_forest_clump_diagonal,
          infiniplex_staircase_pool, serial_bayou_shore_b, grunt_megastairs_3,
          lemuel_fruit_fields, uniq_harold
Lair:2:   layout_regular_city, elwin_shoals_entry_rooms,
          hellmonk_spider_entry_not_the_bees, wad_woods_river_04, ldierk_geyser,
          grunt_forest_stairs_clearing, serial_bayou_shore_a,
          lemuel_fruit_fields
Lair:3:   nzn_winding_woodlands_small
          [nzn_winding_woodlands_5x15_river_crossing,
          nzn_winding_woodlands_center_garden,
          nzn_winding_woodlands_5x15_cabin], layout_misc_corridors,
          chequers_serial_rivers_micro_c, minmay_lindwurm_lava
Lair:4:   layout_big_grid, serial_forest, infiniplex_forest_straight_3,
          infiniplex_forest_lined_3, infiniplex_forest_lined_room_2,
          infiniplex_forest_corner_2, infiniplex_forest_pool,
          infiniplex_forest_straight_3, infiniplex_forest_lined_room_3,
          grunt_megastairs_1
Lair:5:   evil_forest, layout_hall_layers, slime_entry_2, grunt_megastairs_2,
          uniq_sonja, uniq_snorg
Shoals:1: layout_shoals
Shoals:2: layout_shoals, lightli_airlock, uniq_ilsuiw
Shoals:3: layout_shoals, uniq_polyphemus
Shoals:4: shoals_end_simple, layout_shoals, uniq_louise
Spider:1: layout_spider_delve, special_room [special_room_bee]
Spider:2: layout_spider_delve, drop_trap, uniq_donald
Spider:3: layout_cave_pods, uniq_arachne
Spider:4: guppyfry_spider_rune, special_room
Orc:1:    layout_caves, serial_shops, nicolae_shop_tiny_glass, basic_altar,
          uniq_gastronok
Orc:2:    st_orc_open, layout_diamond_mine, uniq_rupert
Elf:1:    nicolae_elf_arrival_no_cutting_in_line, layout_rooms,
          minmay_elf_demonology, st_stairs_6
Elf:2:    elven_hall_of_blades_hangedman_alternative
          [nicolae_blade_entry_hurt_lockers], layout_gridlike, minmay_shop_star
Elf:3:    elf_hall, layout_gridlike, serial_shops, nicolae_shop_peninsula,
          nicolae_shop_gibbet_a_chance, shop
Vaults:1: hangedman_vaults_snaps, ontoclasm_vaults_misaligned, v_misc_2,
          hangedman_vaults_impose, vaults_room_hangedman_quadrants,
          nicolae_vaults_more_shelving_1, v_misc_22, grunt_vaults_diagonal,
          nicolae_vaults_little_squares_2, vaults_dpeg_doors,
          nicolae_vaults_tetromino_Z_1, v_misc_27, layout_vaults_omnibox,
          serial_shops, shop
Vaults:2: nicolae_vaults_tangram_1, vaults_standard_mumra_enter_the_diamond,
          v_misc_26, v_misc_29, nicolae_vaults_more_shelving_2, v_misc_18,
          ontoclasm_vaults_decontamination, layout_vaults_quadrants
Vaults:3: nicolae_vaults_variable_pillar_hall,
          nicolae_vaults_disappearing_quadrants, v_alt_pattern_2,
          minmay_crypt_entry_simple_corners, dpeg_vaults_monster_row,
          nicolae_vaults_closet_pinwheel_2, nicolae_vaults_trapezoid_4,
          nicolae_vaults_closet_pinwheel_1, nicolae_vaults_wine_cellar,
          hangedman_vaults_cutoff, nicolae_vaults_trapezoid_lopsided_4,
          layout_vaults_chaotic_city, serial_shops, shop
Vaults:4: mu_enter_wizlab_5, hangedman_vaults_capsules, st_quartered_hall,
          nicolae_vaults_what_the_h, vaults_room_grid,
          nicolae_vaults_turnstiles, nicolae_vaults_steering_wheel,
          ontoclasm_vaults_chip, layout_vaults_maze
Vaults:5: serial_shops, uniq_mennas, uniq_frederick
Crypt:1:  nicolae_crypt_knochenhaus, layout_regular_city,
          grunt_crypt_arrival_split
Crypt:2:  layout_rooms, minivault_27, minmay_misc_feat_rows, uniq_grunn,
          uniq_sojobo
Depths:1: cheibrodos_cascadia, layout_cross, nemelex_diamond_rough_becter,
          nicolae_abyss_entry_one_way_or_another, hangedman_coc_ice_floe,
          zin_treasury, uniq_saint_roka
Depths:2: minmay_central_circle, layout_honeycomb, lemuel_round_altar,
          hell_entry, pan_entry, minmay_staircase_windowed_large, uniq_asterion,
          uniq_mara, uniq_norris
Depths:3: minmay_polygon_palace, layout_gridlike,
          chequers_serial_rivers_micro_a, hell_entry, abyss_entry,
          rand_demon_pan_entry_3, serial_bayou, serial_bayou_pond_a,
          serial_bayou_lagoon_a, serial_bayou_pond_e, serial_bayou_crossing,
          serial_bayou_pond_d, grunt_gozag_breadcrumbs
Depths:4: regret_index_qazlal_generations, layout_gridville, enter_ziggurat_e,
          serial_glass, glass_columns_a, glass_columns_a,
          grunt_hell_entry_dis_mu, chequers_hall_statues_wall_a,
          uniq_enchantress
Zot:1:    layout_cellular_growth, st_single_dragon_hoard_2
Zot:2:    kennysheep_room_grid, layout_basic
Zot:3:    layout_concentric_octagons, uniq_parghit
Zot:4:    gammafunk_sealed_library, layout_basic, hellmonk_ghost_big_iron
Zot:5:    layout_basic, hangedman_zot_decor_unnerving_road, nrook_zot_tub

Skill      XL: |  1  2  3  4  5  6  7  8  9 10 11 12 13 14 15 16 17 18 19 20 21 22 23 24 25 26 27 |
---------------+----------------------------------------------------------------------------------+-----
Spellcasting   | 5 6 7 8 9 10 11 12 13 14 15 16 17 18 19 | 19.5
Invocations    | 1 2 3 4 5 6 7 8 9 10 11 12 13 14 15 16 17 18 19 20 | 20.4
Short Blades   | 1 2 3 4 5 6 8 9 10 11 12 13 14 15 16 17 18 | 18.9
Long Blades    | 1 2 3 4 5 6 8 9 10 11 12 13 14 15 16 17 18 | 18.9
Axes           | 1 2 3 4 5 6 8 9 10 11 12 13 14 15 16 17 18 | 18.9
Polearms       | 1 2 3 4 5 6 8 9 10 11 12 13 14 15 16 17 18 | 18.9
Staves         | 1 2 3 4 5 6 8 9 10 11 12 13 14 15 16 17 18 | 18.9
Ranged Weapons | 1 2 3 4 5 6 8 9 10 11 12 13 14 15 16 17 18 | 18.9
Throwing       | 1 2 3 4 5 6 8 9 10 11 12 13 14 15 16 17 18 | 18.9
Armour         | 1 2 3 4 5 6 8 9 10 11 12 13 14 15 16 17 18 | 18.9
Stealth        | 1 2 3 4 5 6 8 9 10 11 12 13 14 15 16 17 18 | 18.9
Shields        | 1 2 3 4 5 6 8 9 10 11 12 13 14 15 16 17 18 | 18.9
Unarmed Combat | 1 2 3 4 5 6 8 9 10 11 12 13 14 15 16 17 18 | 18.9
Evocations     | 1 2 3 4 5 6 8 9 10 11 12 13 14 15 16 17 18 | 18.9
Shapeshifting  | 1 2 3 4 5 6 7 8 9 10 11 12 13 14 15 16 17 | 17.5
Hexes          | 1 2 3 4 5 6 7 8 9 10 11 12 13 14 15 16 | 16.1
Summonings     | 1 2 3 4 5 6 7 8 9 10 11 12 13 14 15 16 | 16.1
Necromancy     | 1 2 3 4 5 6 7 8 9 10 11 12 13 14 15 16 | 16.1
Translocations | 1 2 3 4 5 6 7 8 9 10 11 12 13 14 15 16 | 16.1
Transmutations | 1 2 3 4 5 6 7 8 9 10 11 12 13 14 15 16 | 16.1
Fire Magic     | 1 2 3 4 5 6 7 8 9 10 11 12 13 14 15 16 | 16.1
Ice Magic      | 1 2 3 4 5 6 7 8 9 10 11 12 13 14 15 16 17 18 19 20 | 20.7
Air Magic      | 1 2 3 4 5 6 7 8 9 10 11 12 13 14 15 16 | 16.1
Earth Magic    | 1 2 3 4 5 6 7 8 9 10 11 12 13 14 15 16 | 16.1
Poison Magic   | 1 2 3 4 5 6 7 8 9 10 11 12 13 14 15 16 | 16.1
Fighting       | 5 6 7 8 9 10 11 12 13 14 15 16 17 18 19 20 22 | 22.5
Dodging        | 5 6 7 8 9 10 11 12 13 14 15 16 17 18 19 | 19.4
Maces & Flails | 7 8 9 10 11 12 13 14 15 16 17 18 19 | 19.8
Conjurations   | 6 7 8 9 10 11 12 13 14 15 16 | 16.9

Action                     |  1- 3 |  4- 6 |  7- 9 | 10-12 | 13-15 | 16-18 | 19-21 | 22-24 | 25-27 || total
---------------------------+-------+-------+-------+-------+-------+-------+-------+-------+-------++-------
  Melee: Mace              |   106 |    75 |   148 |       |       |       |       |       |       ||   329
         Bite              |     5 |     6 |    21 |    82 |   175 |   253 |   281 |   245 |   390 ||  1458
         Punch             |     2 |       |     5 |    11 |       |       |       |       |       ||    18
         Trident           |       |       |    94 |   469 |   285 |       |       |       |       ||   848
         Rapier            |       |       |       |    51 |   128 |       |       |       |       ||   179
         War axe           |       |       |       |    82 |   111 |       |       |       |       ||   193
         Falchion          |       |       |       |       |   469 |       |       |       |       ||   469
         Demon trident     |       |       |       |       |    69 |   622 |    92 |   540 |  1536 ||  2859
         Quarterstaff      |       |       |       |       |     2 |       |       |       |       ||     2
         Whip              |       |       |       |       |       |   680 |   885 |   593 |   231 ||  2389
         Morningstar       |       |       |       |       |       |       |   347 |       |       ||   347
         Eudemon blade     |       |       |       |       |       |       |       |       |   372 ||   372
   Fire: Sling             |    39 |    91 |   123 |   248 |   670 |   550 |    15 |       |       ||  1736
  Throw: Dart              |       |     1 |       |     4 |     7 |     8 |     2 |       |       ||    22
         Boomerang         |       |       |       |       |     9 |       |     9 |   259 |   242 ||   519
         Javelin           |       |       |       |       |       |       |     3 |     9 |     2 ||    14
   Cast: Momentum Strike   |     2 |     5 |     2 |       |       |       |       |       |       ||     9
         Kiss of Death     |     1 |     2 |       |       |       |       |       |       |       ||     3
         Hailstorm         |       |       |       |     3 |     2 |       |     1 |       |       ||     6
         Searing Ray       |       |       |       |     1 |       |       |       |       |       ||     1
         Vampiric Draining |       |       |       |       |     9 |       |       |       |       ||     9
         Portal Projectile |       |       |       |       |    15 |    39 |     3 |     3 |     4 ||    64
         Ozocubu's Armour  |       |       |       |       |    11 |    51 |     1 |    32 |     3 ||    98
         Freezing Cloud    |       |       |       |       |     9 |    71 |    34 |    21 |    40 ||   175
         Irradiate         |       |       |       |       |     3 |    25 |    23 |    28 |    16 ||    95
         Mephitic Cloud    |       |       |       |       |       |    29 |    44 |    35 |    25 ||   133
         Sticky Flame      |       |       |       |       |       |     1 |       |    26 |       ||    27
         Summon Mana Viper |       |       |       |       |       |       |     1 |    17 |     5 ||    23
         Simulacrum        |       |       |       |       |       |       |       |    15 |    63 ||    78
         Dispel Undead     |       |       |       |       |       |       |       |     6 |    16 ||    22
         Ignite Poison     |       |       |       |       |       |       |       |    11 |    11 ||    22
         Olgreb's Toxic Ra |       |       |       |       |       |       |       |    10 |    15 ||    25
         Borgnjor's Vile C |       |       |       |       |       |       |       |       |    18 ||    18
         Vhi's Electric Ch |       |       |       |       |       |       |       |       |     8 ||     8
         Passage of Golubr |       |       |       |       |       |       |       |       |     3 ||     3
 Invoke: Draw Destruction  |       |       |     9 |    13 |     8 |     4 |    11 |     3 |     1 ||    49
         Draw Summoning    |       |       |     4 |     2 |     1 |     7 |     4 |     6 |     1 ||    25
         Draw Escape       |       |       |     1 |     2 |       |     3 |     2 |     4 |     2 ||    14
         Triple Draw       |       |       |       |     3 |       |       |       |       |       ||     3
         Deal Four         |       |       |       |     1 |     6 |     4 |     6 |     9 |     2 ||    28
         Stack Five        |       |       |       |       |     1 |       |     1 |       |     1 ||     3
         Draw Stack        |       |       |       |       |       |     2 |     4 |     3 |     1 ||    10
  Evoke: Wand              |       |    11 |    16 |    11 |     8 |    26 |     8 |     6 |    12 ||    98
         Phial of floods   |       |       |       |       |     1 |     2 |     1 |       |     1 ||     5
         Condenser vane    |       |       |       |       |     1 |       |       |     1 |       ||     2
         Lightning rod     |       |       |       |       |       |     5 |       |       |       ||     5
         Sack of spiders   |       |       |       |       |       |       |     1 |       |     1 ||     2
         Phantom mirror    |       |       |       |       |       |       |       |     1 |     1 ||     2
    Use: Potion            |       |     4 |     1 |       |     6 |    12 |     8 |     9 |    17 ||    57
         Scroll            |       |     5 |     2 |     7 |    10 |    14 |     3 |    18 |    17 ||    76
   Stab: Sleeping          |     2 |       |       |       |     2 |       |     7 |     9 |     2 ||    22
         Invisible         |       |     2 |       |       |       |     2 |       |       |       ||     4
         Distracted        |       |       |       |       |     3 |     2 |     4 |     7 |     5 ||    21
         Confused          |       |       |       |       |       |    20 |    41 |    29 |    16 ||   106
         Petrified         |       |       |       |       |       |       |       |     5 |       ||     5
         Paralysed         |       |       |       |       |       |       |       |       |     3 ||     3
 Armour: Leather armour    |    45 |    34 |    99 |       |       |       |       |       |       ||   178
         Skin              |       |     2 |     4 |       |       |       |       |       |       ||     6
         Ring mail         |       |       |    28 |   446 |   904 |   881 |   517 |   618 |   199 ||  3593
         Gold dragon scale |       |       |       |       |       |       |       |       |   733 ||   733
  Dodge: Dodged            |    79 |    45 |   155 |   480 |   871 |  1204 |   578 |   491 |   509 ||  4412
  Block: Buckler           |       |       |       |   182 |   320 |   302 |       |       |       ||   804
         Kite shield       |       |       |       |       |       |   445 |   739 |   732 |  1096 ||  3012
         Reflection        |       |       |       |       |       |     9 |    47 |    41 |    22 ||   119

Table legend: (Time is in decaauts)
 A = Elapsed time spent in this place.
 B = Non-inter-level travel time spent in this place.
 C = Inter-level travel time spent in this place.
 D = Time resting spent in this place.
 E = Time spent auto-exploring this place.
 F = Levels seen in this place.
 G = Mean time per level.
                   A        B        C        D        E       F      G
               +--------+--------+--------+--------+--------+-----+--------+
         Total |  65622 |  53214 |  12408 |  14687 |    570 |  55 | 1193.1 |
       Dungeon |  17118 |  12870 |   4248 |   2428 |    467 |  15 | 1141.2 |
          Lair |   8680 |   6686 |   1994 |   1878 |    103 |   5 | 1736.0 |
        Shoals |   6073 |   5542 |    531 |   2534 |      0 |   4 | 1518.2 |
   Spider Nest |   3911 |   3635 |    276 |   1355 |      0 |   4 |  977.8 |
  Orcish Mines |   2155 |   1593 |    562 |    695 |      0 |   2 | 1077.5 |
   Elven Halls |   4661 |   3407 |   1254 |    892 |      0 |   3 | 1553.7 |
        Vaults |   9066 |   7183 |   1883 |   1830 |      0 |   5 | 1813.2 |
         Crypt |   2212 |   2068 |    144 |    698 |      0 |   2 | 1106.0 |
        Depths |   6212 |   4997 |   1215 |   1001 |      0 |   4 | 1553.0 |
           Zot |   2729 |   2433 |    296 |    729 |      0 |   5 |  545.8 |
         Abyss |   1755 |   1755 |      0 |    223 |      0 |   3 |  585.0 |
         Trove |     88 |     88 |      0 |      0 |      0 |   1 |   88.0 |
        Bailey |    744 |    744 |      0 |    420 |      0 |   1 |  744.0 |
        Wizlab |    212 |    212 |      0 |      0 |      0 |   1 |  212.0 |
               +--------+--------+--------+--------+--------+-----+--------+

Top non-repeatable levels by time:
    D:11: 3719 daAuts
  Lair:2: 2302 daAuts
 Crypt:1: 2184 daAuts
Vaults:4: 2087 daAuts
   Elf:3: 2044 daAuts
Spider:4: 1995 daAuts
Vaults:3: 1981 daAuts
Vaults:2: 1940 daAuts
  Lair:5: 1915 daAuts
Vaults:5: 1829 daAuts
Depths:4: 1790 daAuts
Shoals:2: 1698 daAuts
Depths:2: 1693 daAuts
   Zot:5: 1690 daAuts
Shoals:3: 1649 daAuts
